 Dungeon Crawl Stone Soup version 0.30.0-19-g36f170ea60 (webtiles) character file.

Game seed: 12139644252448488627

3973 MacCMillion the Zephyrmancer (level 10, -1/61 HPs)
             Began as a Tengu Air Elementalist on May 30, 2023.
             Slain by a killer bee (5 damage)
             ... on level 8 of the Dungeon.
             The game lasted 00:27:17 (12478 turns).

MacCMillion the Zephyrmancer (TeAE)                Turns: 12478, Time: 00:27:18

Health: -1/61      AC:  5    Str:  8    XL:     10   Next: 22%
Magic:  6/17       EV: 17    Int: 21    God:
Gold:   394        SH:  0    Dex: 14    Spells: 7/17 levels left

rFire   . . .        q - +3 dagger (venom)
rCold   . . .        (no shield)
rNeg    + . .        c - +0 troll leather armour {Pargi}
rPois   .            (helmet restricted)
rElec   .            (no cloak)
rCorr   .            k - +0 pair of gloves of Hoh Raat {rN+ Regen+ Stlth+}
SInv    .            (boots unavailable)
Will    .....        t - amulet of the acrobat
Stlth   +++          (no ring)
HPRegen 1.90/turn    (no ring)
MPRegen 0.15/turn

%: acrobat
@: lethally poisoned (-1 -> -4), flying quickly and evasively, quick
A: beak, talons 3, nimble flight
a: no special abilities


You were on level 8 of the Dungeon.
You visited 2 branches of the dungeon, and saw 9 of its levels.
You also visited: Sewer.

You collected 394 gold pieces.

Inventory:

Hand Weapons
 p - a +0 dagger
 q - a +3 dagger of venom (weapon)
Missiles
 y - 2 throwing nets
Armour
 a - a +0 robe
 c - a +0 troll leather armour (worn) {Pargi}
 k - the +0 pair of gloves of Hoh Raat (worn) {rN+ Regen+ Stlth+}
   (You found it on level 2 of the Dungeon)

   rN:        It protects you from negative energy.
   Regen:     It increases your rate of health regeneration.
   Stlth:     It makes you more stealthy.
Jewellery
 t - an amulet of the acrobat (around neck)
 u - an amulet of faith
 z - a ring of wizardry
Wands
 h - a wand of flame (16)
 w - a wand of paralysis (3)
 x - a wand of polymorph (8)
 A - a wand of mindburst (12)
Scrolls
 d - a scroll of noise {unknown}
 j - 2 scrolls of fear {unknown}
 l - 2 scrolls of vulnerability {unknown}
 m - 3 scrolls of amnesia {unknown}
 n - 4 scrolls of fog {unknown}
 o - 3 scrolls of teleportation {unknown}
 s - 3 scrolls of immolation {unknown}
 B - a scroll of magic mapping {unknown}
Potions
 b - 2 potions of magic
 e - a potion of brilliance
 f - 2 potions of might
 g - a potion of mutation
 i - 3 potions of haste
 r - 2 potions of attraction
 v - 2 potions of invisibility


   Skills:
 + Level 6.5 Fighting
 + Level 7.6 Dodging
 - Level 2.0 Stealth
 - Level 4.0 Spellcasting
 - Level 5.0 Conjurations
 - Level 13.0 Air Magic


You had 7 spell levels left.
You knew the following spells:

 Your Spells              Type           Power      Damage    Failure   Level
a - Shock                 Conj/Air       100%       1d9       1%          1
b - Static Discharge      Conj/Air       84%        2-6/arc   1%          2
c - Swiftness             Air            56%        N/A       1%          3
d - Airstrike             Air            28%        2d(4-20)  1%          4

Your spell library contained the following spells:

 Spells                   Type           Power      Damage    Failure   Level
 Animate Armour           Summ/Erth      8%         N/A       86%         4
 Blade Hands              Tmut           2%         N/A       99%         5
 Iron Shot                Conj/Erth      7%         9d2       100%        6


Dungeon Overview and Level Annotations

Branches:
Dungeon (8/15)             Temple (1/1) D:5           Sewer (visited)
   Lair: D:8-11

Altars:
Ashenzari
Cheibriados
Dithmenos
Elyvilon
Gozag
Kikubaaqudgha
Makhleb
Okawaru
Qazlal
Ru
Sif Muna
Uskayaw
Wu Jian
Xom
Yredelemnul
Zin
The Shining One

Annotations:
D:6 Maggie
D:7 exclusion: skeletal warrior, Pikel


Innate Abilities, Weirdness & Mutations

You have a beak for a mouth.
You have claws for feet.
Your magical nature lets you fly swiftly and evasively.


Message History

The lightning grounds out.
You feel very sick. The killer bee completely misses you.
The killer bee stings you. x2
The killer bee barely misses you. The killer bee stings you.
* * * LOW HITPOINT WARNING * * *
The killer bee barely misses you.
Training target 13.0 for Air Magic reached!
Your Air Magic skill increases to level 13!
Casting: Static Discharge (safe; 1% risk of failure)
Confirm with . or Enter, or press ? or * to list all spells.
The killer bee is struck by an arc of lightning.
The killer bee is heavily wounded.
The killer bee is struck by an arc of lightning!
You kill the killer bee!
The killer bee is struck by an arc of lightning.
The killer bee is severely wounded.
The lightning grounds out.
You feel very sick. The killer bee stings you.
* * * LOW HITPOINT WARNING * * *
You are more poisoned.
The killer bee poisons you! The killer bee stings you.
* * * LOW HITPOINT WARNING * * *
The killer bee completely misses you. The killer bee stings you.
* * * LOW HITPOINT WARNING * * *
Unknown command.
Okay, then.
Unknown command.
Okay, then.
Casting: Static Discharge (safe; 1% risk of failure)
Confirm with . or Enter, or press ? or * to list all spells.
The killer bee is struck by an arc of lightning.
You kill the killer bee!
You are struck by an arc of lightning.
* * * LOW HITPOINT WARNING * * *
The lightning grounds out.
* * * LOW HITPOINT WARNING * * *
You feel very sick. The killer bee misses you. The killer bee stings you.
You die...

#...♣♣♣...# #........
##.......## ##...#....
###...'#### ##....##...
#§≈§#...## #..........
#§≈≈#....###..........
###...+###.##.......##..
#.......##...........#..
#...♣♣♣...#......#....#..
#..♣ ♣♣@.##...#..##.....
#... ♣y†.#)###.........
#.. ♣♣..#...##........ #.
♣..#......##..#..
♣..#..#..........
...yy...##..#...##).#.#
#.....###......###..###
########....######.##..
#.....#..>..##.......#


You could see a killer bee.

Vanquished Creatures
  Grinder (D:6)
  A steam dragon (D:8)
  Menkaure (D:6)
  An orc warrior (D:4)
  Pargi (Sewer)
  A sky beast (D:7)
  A black bear (D:7)
  An ice beast (D:7)
  2 ogres
  A centaur (D:8)
  4 lemures (D:7)
  A kobold brigand (D:8)
  3 bullfrogs
  3 necrophages (D:4)
  6 scorpions
  6 wights
  8 killer bees
  3 howler monkeys (D:8)
  2 vampire bats (D:5)
  A bullfrog zombie (D:4)
  A centaur zombie (D:4)
  7 hounds
  2 jellies (D:6)
  A human zombie (D:4)
  A gnoll bouda (D:7)
  3 orc priests
  2 iguanas
  10 orc wizards
  A scorpion zombie (D:4)
  2 hound zombies (D:4)
  Robin (D:3)
  11 adders
  5 gnolls
  2 river rats (D:5)
  A white imp (D:7)
  3 ufetubi
  An adder zombie (D:4)
  2 worms
  3 dart slugs
  18 orcs
  3 bat skeletons (D:5)
  3 bat zombies (D:5)
  10 endoplasms
  10 giant cockroaches
  10 goblins
  10 hobgoblins
  3 jackals (D:1)
  3 quokkas
  10 ball pythons
  4 bats
  3 frilled lizards
  16 kobolds
  12 rats
222 creatures vanquished.

Vanquished Creatures (others)
  A scorpion (D:5)
  A howler monkey (D:8)
2 creatures vanquished.

Grand Total: 224 creatures vanquished

Notes
Turn   | Place    | Note
-------+----------+-------------------------------------------
     0 | D:1      | MacCMillion the Tengu Air Elementalist began the quest for
                  | the Orb.
     0 | D:1      | Reached XP level 1. HP: 10/10 MP: 4/4
   282 | D:1      | Reached XP level 2. HP: 15/15 MP: 1/6
  1269 | D:1      | Reached XP level 3. HP: 15/19 MP: 1/7
  1878 | D:2      | Identified the +0 pair of gloves of Hoh Raat {rN+ Regen+
                  | Stlth+}
  2548 | D:2      | Reached skill level 5 in Air Magic
  2548 | D:2      | Reached XP level 4. HP: 3/24 MP: 4/9
  2878 | D:2      | Learned a level 2 spell: Static Discharge
  2882 | D:2      | Learned a level 3 spell: Swiftness
  3540 | D:3      | Gained mutation: Your magical nature lets you fly swiftly
                  | and evasively. [Tengu growth]
  3540 | D:3      | Reached XP level 5. HP: 28/28 MP: 5/10
  3707 | D:3      | Found a burning altar of Makhleb.
  4354 | D:3      | Noticed Robin
  4464 | D:3      | Killed Robin
  4613 | D:3      | Reached skill level 6 in Air Magic
  4613 | D:3      | Reached XP level 6. HP: 32/32 MP: 4/12
  4946 | D:4      | Reached skill level 5 in Conjurations
  4974 | D:4      | Noticed an orc warrior
  5123 | D:3      | Reached skill level 7 in Air Magic
  5123 | D:3      | Reached XP level 7. HP: 36/36 MP: 8/14
  5403 | D:4      | Reached skill level 8 in Air Magic
  5806 | D:4      | Reached skill level 9 in Air Magic
  6403 | D:4      | Reached XP level 8. HP: 31/41 MP: 8/15
  6450 | D:4      | Found a basalt altar of Yredelemnul.
  6458 | D:4      | Reached skill level 10 in Air Magic
  6590 | D:4      | Reached skill level 1 in Fighting
  7045 | D:5      | Entered Level 5 of the Dungeon
  7210 | D:5      | Found a glowing drain.
  7269 | Sewer    | Entered a sewer
  7323 | Sewer    | Noticed Pargi
  7327 | Sewer    | Killed Pargi
  7823 | D:5      | Found a shimmering altar of Xom.
  7862 | D:5      | Found a staircase to the Ecumenical Temple.
  7871 | Temple   | Entered the Ecumenical Temple
  8139 | D:5      | Found an ancient bone altar of Kikubaaqudgha.
  8148 | D:5      | Reached skill level 11 in Air Magic
  8198 | D:5      | Found a white marble altar of Elyvilon.
  8519 | D:6      | Reached XP level 9. HP: 51/51 MP: 11/16
  8575 | D:6      | Noticed Menkaure
  8583 | D:6      | Killed Menkaure
  8584 | D:6      | Reached skill level 5 in Dodging
  9250 | D:6      | Noticed Grinder
  9295 | D:6      | Found a broken altar of Ashenzari.
  9655 | D:6      | Noticed Maggie
  9688 | D:6      | Paralysed by Grinder for 3 turns
  9696 | D:6      | Paralysed by Grinder for 5 turns
  9701 | D:6      | Killed Grinder
  9702 | D:6      | Reached skill level 5 in Fighting
  9824 | D:7      | Reached skill level 12 in Air Magic
 10114 | D:7      | Learned a level 4 spell: Airstrike
 10144 | D:7      | Noticed a skeletal warrior
 10416 | D:7      | Noticed Pikel
 11424 | D:8      | Reached XP level 10. HP: 60/60 MP: 12/17
 11778 | D:8      | Found a glowing silver altar of Zin.
 11905 | D:8      | Found a sacrificial altar of Ru.
 12006 | D:8      | Found an iron altar of Okawaru.
 12438 | D:8      | Found a shadowy altar of Dithmenos.
 12477 | D:8      | Reached skill level 13 in Air Magic
 12478 | D:8      | Slain by a killer bee

Illustrated notes

Levels and vault maps discovered:
D:1:      shiori_shiawase, layout_loops_corners, feat_on_display
D:2:      layout_basic, item_on_display_a
D:3:      layout_basic, lemuel_round_altar, chequers_decorated_corner,
          cheibrodos_gnoll_hut, uniq_robin
D:4:      minmay_door_path, layout_gridville,
          lemuel_mausoleum_altar_yredelemnul, serial_glass, glass_columns_a,
          glass_columns_b
D:5:      layout_loops_ring, kennysheep_vampire_church, lemuel_tele_altar,
          mainiacjoe_overflow_24_doors, lemuel_temple_firewalk_b,
          portal_sewer_entry_a, chequers_serial_rivers_micro_e
D:6:      layout_cave_pools, nzn_hepliaklqana_mist_gate, kennysheep_mini,
          uniq_menkaure, uniq_maggie, uniq_grinder
D:7:      layout_loops_corners, corexii_checkpoint_b, minivault_27,
          chequers_serial_rivers_large_b, minmay_chambers_of_fives, uniq_pikel
D:8:      layout_cave_pools, zin_statuary, kennysheep_little_box,
          overflow_temple_1_default, mainiacjoe_overflow_two_lobes, st_stairs_1
Temple:   hellmonk_temple_of_storms

Skill      XL: |  1  2  3  4  5  6  7  8  9 10 |
---------------+-------------------------------+-----
Conjurations   | 2 3 4 5 |  5.0
Air Magic      | 5 6 7 9 11 12 13 | 13.0
Spellcasting   | 3 4 |  4.0
Fighting       | 3 5 6 |  6.5
Dodging        | 4 7 |  7.6
Stealth        | |  2.0

Action                     |  1- 3 |  4- 6 |  7- 9 | 10-12 || total
---------------------------+-------+-------+-------+-------++-------
  Melee: Whip              |     4 |     1 |       |       ||     5
         Club              |     2 |       |       |       ||     2
         Kick              |     1 |       |    19 |     3 ||    23
         Peck              |     1 |       |    10 |     3 ||    14
         Dagger            |       |     5 |    48 |     7 ||    60
         Punch             |       |       |     1 |       ||     1
   Cast: Shock             |    76 |    99 |   243 |    17 ||   435
         Static Discharge  |       |    10 |    55 |    17 ||    82
         Airstrike         |       |       |     8 |     5 ||    13
    Use: Scroll            |       |       |     4 |     2 ||     6
   Stab: Sleeping          |       |     1 |     8 |       ||     9
         Distracted        |       |       |     1 |       ||     1
 Armour: Robe              |     4 |     5 |     9 |       ||    18
         Troll leather arm |       |       |    13 |     7 ||    20
  Dodge: Dodged            |    16 |    32 |    74 |    29 ||   151
